 Dungeon Crawl Stone Soup version 0.29.1-1-gd02db6906a (webtiles) character file.

Game seed: 2791471064279139542

1717 raistware the Thaumaturge (level 9, -3/53 HPs)
             Began as an Octopode Conjurer on Sept 23, 2022.
             Shot with a bolt by an orc warrior (17 damage)
             ... on level 6 of the Dungeon.
             The game lasted 00:15:03 (5893 turns).

raistware the Thaumaturge (Octopode Conjurer)       Turns: 5893, Time: 00:15:04

Health: -3/53      AC:  1    Str:  6    XL:     9   Next: 4%
Magic:  12/23      EV: 13    Int: 35    God:
Gold:   374        SH:  0    Dex: 10    Spells: 19/24 levels left

rFire   + + .      SeeInvis .   a - +8 sling "Murmur" {vorpal, rF+ Int+4}
rCold   . . .      Faith    .   (no shield)
rNeg    . . .      Spirit   .   (helmet restricted)
rPois   .          Reflect  .   t - amulet of the acrobat
rElec   .          Harm     .   c - +6 ring of intelligence
rCorr   .          Rampage  .   f - ring of protection from fire
Will    .....                   (no ring)
Stlth   +++.......              (no ring)
HPRegen 0.17/turn               (no ring)
MPRegen 0.18/turn               (no ring)
                                (no ring)
                                (no ring)

@: unable to read
A: almost no armour, amphibious, 8 rings, camouflage 1, gelatinous body 1,
(nimble swimmer 1), tentacles, high MP 1, inability to read after injury 1
a: no special abilities


You were on level 6 of the Dungeon.
You visited 1 branch of the dungeon, and saw 6 of its levels.

You collected 374 gold pieces.

Inventory:

Hand Weapons
 a - the +8 sling "Murmur" (weapon) {vorpal, rF+ Int+4}
   (You acquired it on level 5 of the Dungeon)

   Any ammunition fired from it inflicts extra damage upon your enemies.
   Int:       It affects your intelligence (+4).
   rF:        It protects you from fire.
Jewellery
 c - a +6 ring of intelligence (left tentacle)
 f - a ring of protection from fire (right tentacle)
 t - an amulet of the acrobat (around mantle)
Scrolls
 d - 2 scrolls of silence
 i - a scroll of poison
 k - a scroll of vulnerability {unknown}
 m - 2 scrolls of torment {unknown}
 n - a scroll of enchant armour {unknown}
 s - a scroll of immolation {unknown}
 u - a scroll of teleportation {unknown}
Potions
 b - a potion of brilliance {unknown}
 e - a potion of lignification
 h - 2 potions of curing
 j - a potion of mutation
 l - a potion of flight {unknown}
 o - a potion of experience {unknown}
 p - a potion of haste
 q - 2 potions of heal wounds
 r - a potion of attraction {unknown}


   Skills:
 - Level 1.0 Fighting
 + Level 3.7 Dodging
 - Level 3.0 Stealth
 + Level 8.2 Spellcasting
 + Level 6.9 Conjurations
 - Level 2.0 Translocations


You had 19 spell levels left.
You knew the following spells:

 Your Spells              Type           Power      Damage    Failure   Level
a - Magic Dart            Conj           100%       1d8       1%          1
b - Iskenderun's Mystic   Conj/Tloc      45%        2d10      4%          4

Your spell library contained the following spells:

 Spells                   Type           Power      Damage    Failure   Level
 Searing Ray              Conj           100%       2d8       1%          2
 Dazzling Flash           Conj/Hex       76%        N/A       2%          3
 Fulminant Prism          Conj/Hex       19%        3d11      7%          4


Dungeon Overview and Level Annotations

Branches:
Dungeon (6/15)
 Temple: D:4-7

Altars:
Makhleb
Qazlal
Ru
Xom

Shops:
D:6 *((

Annotations:
D:1 1 transporter
D:5 Prince Ribbit


Innate Abilities, Weirdness & Mutations

You cannot wear most types of armour.
You are amphibious.
You can wear up to eight rings at the same time.
Your skin changes colour to match your surroundings (Stealth+).
Your rubbery body absorbs attacks. (AC +1, EV +1)
((You are camouflaged when in or above water. (Stealth+)))
You have tentacles for arms and can constrict up to eight enemies at once.
You have an increased reservoir of magic. (+10% MP)
You occasionally lose the ability to read scrolls when taking damage.


Message History

Unknown command.
You close the gate.
A gnoll sergeant opens the gate.
Casting: Iskenderun's Mystic Blast (dangerous; 4% risk of failure)
Confirm with . or Enter, or press ? or * to list all spells.
You erupt in a blast of force!
The mystic blast hits the gnoll sergeant!
The gnoll sergeant is severely wounded.
The gnoll sergeant is knocked back by the mystic blast.
The gnoll sergeant slams into the stone wall!
The gnoll sergeant is severely wounded.
The mystic blast hits the orc warrior.
The orc warrior is moderately wounded.
The orc warrior is knocked back by the mystic blast.
A nearby plant withers and dies. x2
Unknown command.
Unknown command.
As you close the gate, it creaks loudly!
A gnoll sergeant breaks down the gate.
The orc warrior shoots a bolt.
The bolt misses you.
The gnoll sergeant hits you with a +0 spear!
The orc warrior shoots a bolt.
The bolt hits you!!
* * * LOW HITPOINT WARNING * * *
There is a broken gate, spattered with blood here.
Casting: Iskenderun's Mystic Blast (dangerous; 4% risk of failure)
Confirm with . or Enter, or press ? or * to list all spells.
You erupt in a blast of force!
The mystic blast hits the gnoll sergeant!
You kill the gnoll sergeant!
The orc warrior shoots a bolt.
The bolt misses you.
Aiming: Iceblast
Press: ? - help, Shift-Dir - straight line, f/p - orc warrior
Aim: an orc warrior, wielding a +0 arbalest and wearing a +0 plate armour (moderately wounded)
The mass of ice explodes!
The iceblast engulfs the orc warrior!
The orc warrior is heavily wounded.
The now-empty wand crumbles to dust.
You hear a shout! x6
The orc warrior shoots a bolt.
The bolt hits you!
You feel threatened and lose the ability to read scrolls!
You die...

.# #..[..♣P .# #...PPP
.# ####### #...♣P♣
.###.....###.PPPP♣
.........##...♣PP♣#
.........##....PPP#
.........#.....♣######
................')...+
.......#........@.>o.#
.......#........')...#
.......###......######
.......# ##..PP♣#
......## #..♣P♣
......## #.PP♣♣
.......# #...♣P
.......# #..P .......#


You could see an orc warrior.

Vanquished Creatures
  Edmund (D:5)
  An acid dragon (D:5)
  2 water moccasins (D:5)
  An ogre (D:5)
  A centaur (D:4)
  2 phantoms
  A bullfrog (D:5)
  A scorpion (D:6)
  A gnoll sergeant (D:6)
  A necrophage (D:5)
  5 wights (D:6)
  A howler monkey (D:5)
  3 orc priests
  3 hounds
  A jelly (D:5)
  3 iguanas
  An orc wizard (D:5)
  5 adders
  2 ufetubi (D:5)
  2 worms (D:2)
  18 orcs
  5 ball pythons
  A bat (D:3)
  2 giant cockroaches (D:4)
  3 goblins
  3 hobgoblins
  4 jackals
  4 kobolds
  2 quokkas
  3 frilled lizards
  A rat (D:2)
84 creatures vanquished.

Vanquished Creatures (others)
  2 plants (D:6)
2 creatures vanquished.

Grand Total: 86 creatures vanquished

Notes
Turn   | Place    | Note
-------+----------+-------------------------------------------
     0 | D:1      | raistware the Octopode Conjurer began the quest for the
                  | Orb.
     0 | D:1      | Reached XP level 1. HP: 11/11 MP: 3/3
   470 | D:1      | You fall into a shaft and drop 1 floor!
   479 | D:2      | Reached XP level 2. HP: 17/17 MP: 0/5
   756 | D:1      | Reached skill level 3 in Spellcasting
   974 | D:2      | Found a stormy altar of Qazlal.
  1055 | D:2      | Reached XP level 3. HP: 21/21 MP: 1/7
  1412 | D:3      | Found a faded altar of an unknown god.
  1465 | D:3      | Found a stormy altar of Qazlal.
  1833 | D:3      | Found a faded altar of an unknown god.
  1898 | D:3      | Found a shimmering altar of Xom.
  2216 | D:4      | Found a burning altar of Makhleb.
  2254 | D:4      | Reached XP level 4. HP: 27/27 MP: 7/9
  2281 | D:4      | Learned a level 4 spell: Iskenderun's Mystic Blast
  2327 | D:4      | Reached skill level 4 in Spellcasting
  2327 | D:4      | Reached skill level 1 in Translocations
  2334 | D:4      | Found a sacrificial altar of Ru.
  2340 | D:4      | Reached XP level 5. HP: 25/31 MP: 1/11
  2586 | D:4      | Noticed a centaur
  2599 | D:4      | Killed a centaur
  2600 | D:4      | Reached XP level 6. HP: 29/36 MP: 12/12
  3099 | D:5      | Entered Level 5 of the Dungeon
  3208 | D:5      | Reached skill level 5 in Spellcasting
  3454 | D:5      | Noticed a water moccasin
  3465 | D:5      | Killed a water moccasin
  3466 | D:5      | Reached skill level 6 in Spellcasting
  3466 | D:5      | Reached XP level 7. HP: 21/41 MP: 2/16
  3852 | D:5      | Gained mutation: You occasionally lose the ability to read
                  | scrolls when taking damage. [potion of mutation]
  3852 | D:5      | Gained mutation: You have an increased reservoir of magic.
                  | (+10% MP) [potion of mutation]
  3871 | D:5      | Reached skill level 7 in Spellcasting
  4416 | D:5      | Reached XP level 8. HP: 46/46 MP: 16/21
  4619 | D:5      | Reached skill level 8 in Spellcasting
  4756 | D:5      | Noticed Edmund
  4834 | D:5      | Noticed Prince Ribbit
  4849 | D:5      | Identified a scroll of acquirement
  4849 | D:5      | Acquired the +8 sling "Murmur" {vorpal, rF+ Int+4}
  4875 | D:5      | Killed Edmund
  4876 | D:5      | Reached skill level 5 in Conjurations
  5085 | D:6      | Found Nicitumu's Antique Weapon Shoppe.
  5610 | D:6      | Reached skill level 1 in Fighting
  5661 | D:6      | Found Iseothuw's Weapon Boutique.
  5771 | D:6      | Found Issor's General Store.
  5874 | D:6      | Reached XP level 9. HP: 53/53 MP: 23/23
  5893 | D:6      | Shot with a bolt by an orc warrior

Illustrated notes

Levels and vault maps discovered:
D:1:      spicycebolla_arrival_risky_transporter, layout_loops_ring,
          chequers_serial_rivers_micro_a, grunt_decor_mini_mirrors, minivault_14
D:2:      layout_basic, basic_altar
D:3:      layout_loops_cross, nicolae_overflow_ecumenical_swirl,
          mainiacjoe_overflow_cross_hatched, nicolae_ecumenical_oubliette,
          grunt_ministairs_5
D:4:      layout_loops_ring, mainiacjoe_overflow_chevrons,
          mainiacjoe_overflow_alcove_1
D:5:      layout_basic, st_stairs_9, kennysheep_small_circle, uniq_edmund,
          uniq_prince_ribbit1
D:6:      kennysheep_housing_project, layout_rooms, serial_shops,
          nicolae_take_the_stairs, shop, shop

Skill      XL: |  1  2  3  4  5  6  7  8 |
---------------+-------------------------+-----
Spellcasting   | 3 4 6 7 8 |  8.2
Translocations | 2 |  2.0
Stealth        | 3 |  3.0
Dodging        | 3 |  3.7
Conjurations   | 6 |  6.9
Fighting       | 1 |  1.0

Action                   |  1- 3 |  4- 6 |  7- 9 || total
-------------------------+-------+-------+-------++-------
Melee: Dagger            |     2 |    43 |    17 ||    62
       Constrict         |     1 |     9 |     4 ||    14
       Tentacles         |       |    10 |     4 ||    14
       Punch             |       |     1 |       ||     1
 Fire: Sling             |       |       |    31 ||    31
 Cast: Magic Dart        |    48 |    30 |    23 ||   101
       Iskenderun's Myst |       |     6 |    31 ||    37
Evoke: Wand              |       |       |     1 ||     1
  Use: Potion            |       |     1 |     4 ||     5
       Scroll            |       |       |     6 ||     6
 Stab: Sleeping          |       |     2 |     3 ||     5
Armor: Skin              |       |    13 |     9 ||    22
Dodge: Dodged            |     1 |    31 |    22 ||    54
